 Dungeon Crawl Stone Soup version 0.29.0-4-gdea44cf6ec (webtiles) character file.

Game seed: 5310643389371929497

16 qw the Firebug (level 2, -1/23 HPs)
             Began as a Ghoul Fire Elementalist on Aug 29, 2022.
             Slain by a frilled lizard (2 damage)
             ... on level 1 of the Dungeon.
             The game lasted 00:00:32 (741 turns).

qw the Firebug (Ghoul Fire Elementalist)             Turns: 741, Time: 00:00:33

Health: -1/23      AC:  2    Str: 11    XL:     2   Next: 58%
Magic:  3/3        EV: 12    Int: 10    God:
Gold:   62         SH:  0    Dex:  9    Spells: 3/4 levels left

rFire   . . .      SeeInvis .     - Unarmed
rCold   + . .      Faith    .   (no shield)
rNeg    + + +      Spirit   .   a - +0 robe
rPois   inf        Reflect  .   (no helmet)
rElec   .          Harm     .   (no cloak)
rCorr   .          Rampage  .   (no gloves)
Will    .....                   (no boots)
Stlth   +.........              (no amulet)
HPRegen 0.00/turn               (no ring)
MPRegen 0.08/turn               (no ring)

@: inhibited regen, very slow
A: claws 1, cold resistance 1, negative energy resistance 3, inhibited
regeneration, torment resistance 2, devour on kill
a: no special abilities


You were on level 1 of the Dungeon.
You visited 1 branch of the dungeon, and saw 1 of its levels.

You collected 62 gold pieces.


Innate Abilities, Weirdness & Mutations

You are immune to poison.
You have sharp fingernails.
Your flesh is cold resistant. (rC+)
You are immune to negative energy. (rN+++)
You do not regenerate when monsters are visible.
You are immune to unholy pain and torment.
You thrive by killing the living.


   Skills:
 - Level 1.2 Fighting
 - Level 1.7 Dodging
 - Level 2.1 Stealth
 + Level 1.9 Unarmed Combat
 - Level 1.7 Spellcasting
 - Level 0.7 Conjurations
 - Level 2.4 Fire Magic


You had 3 spell levels left.
You knew the following spells:

 Your Spells              Type           Power      Damage    Failure   Level
a - Foxfire               Conj/Fire      16%        2x1d4     17%         1

Your spell library contained the following spells:

 Spells                   Type           Power      Damage    Failure   Level
 Scorch                   Fire           10%        2d6       19%         2
 Conjure Flame            Conj/Fire      4%         6-21      45%         3
 Inner Flame              Hex/Fire       3%         N/A       52%         3
 Flame Wave               Conj/Fire      4%         2d5       86%         4

Inventory:

Armour
 a - a +0 robe (worn)
Scrolls
 c - a scroll of poison {unknown}
 e - a scroll of fear {unknown}
 g - a scroll of summoning {unknown}
 h - a scroll of teleportation {unknown}
 i - a scroll of identify {unknown}
 j - a scroll of immolation {unknown}
Potions
 b - a potion of magic
 d - a potion of berserk rage {unknown}
 f - a potion of resistance {unknown}

Dungeon Overview and Level Annotations

Branches:
Dungeon (1/15)

Altars:


Message History

The plant begins to die.
The goblin closely misses you. The bat hits you but does no damage.
The bat hits the plant.
The frilled lizard barely misses you.
You scratch the bat.
You kill the bat!
You feel better. The bat hits you but does no damage.
The goblin hits you with a +0 club. The frilled lizard closely misses you.
Your unstable footing causes you to fumble your attack.
The bat hits you. The goblin hits you but does no damage.
The frilled lizard bites you.
You scratch the goblin.
You kill the goblin!
You hear a splash.
The bat hits you. The frilled lizard bites you.
You barely miss the frilled lizard.
A nearby plant withers and dies.
The bat closely misses you.
The frilled lizard unfolds its giant frill.
The frilled lizard closely misses you.
You barely miss the bat. You claw the bat.
The bat is moderately wounded.
The bat misses you.
You closely miss the frilled lizard. The bat hits you.
The frilled lizard bites you.
Your unstable footing causes you to fumble your attack.
The bat barely misses you. The frilled lizard bites you. The bat misses you.
You scratch the bat.
You kill the bat!
You feel better. The frilled lizard bites you.
Your unstable footing causes you to fumble your attack.
The frilled lizard closely misses you.
You scratch the frilled lizard but do no damage.
The frilled lizard misses you.
You barely miss the frilled lizard. The frilled lizard misses you.
You scratch the frilled lizard.
The frilled lizard is heavily wounded.
The frilled lizard bites you.
You die...

....# #.........#......##
#..... ....#
#######.#.....#.#####.####
##### ........#..........#
#####...#..###.....#
7~#...#..# #.....#
777P7...#..# #.....#
7P~P~~..#..# #.....#
777~)~%~P.#.## #.....#
7P~~l@)~~7.># #######
7~~~~~~~~~~P7..#
~P~~~~~~~~P~~7.#
~~~~~~~~~~~~~P.#
~~~~~~~~~~~~...#
^...........$..#
~~~~~~~~~~~~.~#
~~~~~~~~~~~P.P~


You could see a frilled lizard.

Vanquished Creatures
  3 bats (D:1)
  2 endoplasms (D:1)
  3 hobgoblins (D:1)
  A kobold (D:1)
  5 ball pythons (D:1)
  A goblin (D:1)
15 creatures vanquished.

Vanquished Creatures (others)
  11 plants (D:1)
11 creatures vanquished.

Grand Total: 26 creatures vanquished

Notes
Turn   | Place    | Note
-------+----------+-------------------------------------------
     0 | D:1      | qw the Ghoul Fire Elementalist began the quest for the Orb.
     0 | D:1      | Reached XP level 1. HP: 14/14 MP: 2/2
     0 | D:1      | 0 ||| qw: Version: 0.1-a-90-g952f4b7
     0 | D:1      | 0 ||| qw: Game counter: 3928
     0 | D:1      | 0 ||| qw: Always use a shield: true
     0 | D:1      | 0 ||| qw: God list: Okawaru
     0 | D:1      | 0 ||| qw: Allow faded altars: false
     0 | D:1      | 0 ||| qw: Do Orc after D:15 true
     0 | D:1      | 0 ||| qw: Do second Lair branch before Depths: true
     0 | D:1      | 0 ||| qw: Lair rune preference: random
     0 | D:1      | 0 ||| qw: Plans: Normal
     0 | D:1      | 0 ||| PLANNING D:1-11
   253 | D:1      | Reached skill level 1 in Unarmed Combat
   351 | D:1      | Reached skill level 1 in Fighting
   351 | D:1      | Reached XP level 2. HP: 16/23 MP: 3/3
   452 | D:1      | Found a faded altar of an unknown god.
   712 | D:1      | 712 ||| Stepping ~*~*~tactically~*~*~ (stealth).
   735 | D:1      | HP: 5/23 [bat (1)]
   736 | D:1      | HP: 1/23 [frilled lizard (2)]
   741 | D:1      | Slain by a frilled lizard

Levels and vault maps discovered:
D:1:      dpeg_arrival_brainrot, layout_basic,
          dreamdust_ecumenical_altar_angels_and_demons, serial_bayou_lagoon_b

Skill      XL: |  1 |
---------------+----+-----
Unarmed Combat | 1 |  1.9
Fighting       | 1 |  1.2
Dodging        | |  1.7
Stealth        | |  2.1
Spellcasting   | |  1.7
Conjurations   | |  0.7
Fire Magic     | |  2.4

Action                   || total
-------------------------++-------
Melee: Unarmed           ||    56
       Punch             ||     1
 Stab: Sleeping          ||     1
Armor: Robe              ||    14
Dodge: Dodged            ||    50

Table legend:
 A = Non-vault XP
 B = Vault XP
 C = Vault XP percentage of total XP
 D = Non-vault monster count
 E = Vault monster count
 F = Vault count percentage of total count
                 A         B        C        D         E       F
            +---------+---------+-------+---------+---------+-------
      Total |      24 |       0 |   0.0 |      15 |       0 |   0.0
            +---------+---------+-------+---------+---------+-------
        D:1 |      24 |       0 |   0.0 |      15 |       0 |   0.0
            +---------+---------+-------+---------+---------+-------
